 Dungeon Crawl Stone Soup version 0.25-a0-166-g16436c4407 (console) character file.

Game seed: 15902921993683170401, levelgen mode: deterministic

7898 Kagalorn the Thaumaturge (level 11, -7/92 HPs)
             Began as a Centaur Air Elementalist on Nov 23, 2019.
             Was an Initiate of Ashenzari.
             Mangled by a yak (14 damage)
             ... on level 8 of the Dungeon.
             The game lasted 00:44:34 (11599 turns).

Kagalorn the Thaumaturge (CeAE)                    Turns: 11599, Time: 00:44:34

Health: -7/92      AC: 10    Str: 11    XL:     11   Next: 2%
Magic:  14/32      EV: 10    Int: 17    God:    Ashenzari [......]
Gold:   528        SH:  0    Dex: 10    Spells: 18/26 levels left

rFire    . . .     SeeInvis .   K - +4 trident (curse)
rCold    . . .     Gourm    .   (no shield)
rNeg     . . .     Faith    .   J - +2 robe {Archmagi} (curse)
rPois    .         Spirit   .   l - +2 helmet (curse)
rElec    .         Reflect  .   (no cloak)
rCorr    .         Harm     .   n - +0 pair of gloves
MR       .....                  (no barding)
Stlth    ++........             (no amulet)
HPRegen  0.25/turn              z - ring of magical power (curse)
MPRegen  0.23/turn              (no ring)

@: very quick
A: large, hooves 3, deformed body, speed 2, tough skin 3
a: Curse Item, Renounce Religion


You were on level 8 of the Dungeon.
You worshipped Ashenzari.
Ashenzari was noncommittal.
You were not hungry.

You visited 2 branches of the dungeon, and saw 9 of its levels.
You also visited: Sewer.

You collected 528 gold pieces.

Inventory:

Hand Weapons
 a - a +0 trident
 i - the +7 flail of Dissolution {crush, rN+}
   (You found it on level 8 of the Dungeon)

   It inflicts extra damage upon your enemies.
   It protects you from negative energy.
 I - a +1 scimitar of flaming
 K - a cursed +4 trident (weapon)
Missiles
 b - 244 stones
 g - 62 bolts
 m - 75 sling bullets
 r - a throwing net
 C - 54 arrows
 H - 12 poisoned darts (quivered)
Armour
 j - a +3 ring mail of fire resistance
 l - a cursed +2 helmet (worn)
 n - a +0 pair of gloves (worn)
 A - a +2 leather armour of poison resistance
 D - the cursed +0 ring mail "Qatt" {rC+ rN+}
   (You found it on level 5 of the Dungeon)

   It protects you from cold.
   It protects you from negative energy.
   It has a curse placed upon it.
 J - a cursed +2 robe of the Archmagi (worn)
Jewellery
 f - an uncursed ring of ice
 y - an uncursed amulet of faith
 z - a cursed ring of magical power (left hand)
Wands
 e - a wand of flame (42)
 G - a wand of paralysis (10)
 M - a wand of iceblast (7)
Scrolls
 d - 3 scrolls of enchant weapon
 h - 3 scrolls of blinking {unknown}
 s - 3 scrolls of fear {unknown}
 t - 2 scrolls of noise {unknown}
 v - 2 scrolls of magic mapping {unknown}
 w - a scroll of random uselessness {unknown}
 x - 6 scrolls of teleportation {unknown}
 B - a scroll of holy word
 L - a scroll of enchant armour {unknown}
Potions
 k - 15 potions of curing
 o - a potion of magic
 p - 6 potions of heal wounds
 q - 2 potions of might
 u - 4 potions of flight
 E - 4 potions of brilliance
 F - 2 potions of agility
Comestibles
 c - 20 rations


   Skills:
 * Level 7.2 Fighting
 - Level 2.0 Dodging
 - Level 3.0 Stealth
 - Level 8.1 Spellcasting
 - Level 6.0 Conjurations
 - Level 8.0 Air Magic


You had 18 spell levels left.
You knew the following spells:

 Your Spells              Type           Power        Failure   Level  Hunger
a - Shock                 Conj/Air       ####         1%          1    None
b - Static Discharge      Conj/Air       #####...     1%          3    #......
c - Airstrike             Air            ######....   3%          4    ###....

Your spell library contained the following spells:

 Spells                   Type           Power        Failure   Level  Hunger
 Swiftness                Chrm/Air       ####....     3%          2    None
 Lightning Bolt           Conj/Air       #####.....   16%         5    #####..


Dungeon Overview and Level Annotations

Branches:
Dungeon (8/15)             Temple (1/1) D:7           Sewer (visited)
   Lair: D:8-11

Altars:
Ashenzari
Cheibriados
Dithmenos
Elyvilon
Fedhas
Gozag
Hepliaklqana
Kikubaaqudgha
Makhleb
Nemelex Xobeh
Okawaru
Qazlal
Ru
Sif Muna
Trog
Uskayaw
Vehumet
Wu Jian
Xom
Yredelemnul
Zin
The Shining One

Shops:
D:5 [

Annotations:
D:5 Ijyb


Innate Abilities, Weirdness & Mutations

You have hooves in place of feet.
Armour fits poorly on your strangely shaped body.
You cover ground very quickly.
You have extremely tough skin. (AC +3)


Message History

The yak bellows!
You hit the yak but do no damage. Your kick misses the yak.
The yak is moderately wounded.
The yak gores you but does no damage.
Okay, then.
Unknown command.
Aiming: Paralyse
Press: ? - help, Shift-Dir - straight line, f/p - death yak
Aim: a death yak (lightly wounded, chance to defeat MR: 1%)
Okay, then.
Unknown command.
Unknown command.
Unknown command.
As you read the scroll labeled NONTOI YMPEFF, it crumbles to dust.
It is a scroll of enchant weapon.
Your cursed +3 trident glows red for a moment.
The death yak gores you!!
* * * LOW HITPOINT WARNING * * *
The yak gores you!
You die...

###.###........#.##...#
.....##....YY..#.####.#
........Y.####.#.# #.#
......##..# #.#.# #.#
......##YY# #.#.# #Y#
###.#.##..# #.#.# #.#
###.#..[YY####.#Y# #Y#
....)...)Y†YY..#Y# #Y#
###.......###..#@# #.#
##############.#Y####.#
))).....[.)..[..>.<...#
##############....#######
#...)......# #........#.#
#.#[.....#.# .
#########.#..##..#.# .
#<÷<...)[.#..##..#.##


You could see 2 death yaks and a yak.

Vanquished Creatures
  A hydra (D:7)
  A two-headed ogre (D:8)
  Erica (D:8)
  An ugly thing (D:8)
  Joseph (D:8)
  A hornet (D:8)
  2 dream sheep (D:8)
  4 yaks (D:8)
  A hungry ghost (D:8)
  A black bear (D:8)
  4 ice beasts
  3 phantoms (D:4)
  A centaur (D:7)
  6 ogres
  8 big kobolds
  4 bullfrogs
  3 scorpions
  3 howler monkeys
  5 wights (D:8)
  A crimson imp (D:8)
  2 jellies
  8 hounds
  8 orc priests
  A bullfrog skeleton (D:8)
  4 orc wizards
  Natasha (thrice) (D:2)
  3 iguanas
  4 worker ants
  A worker ant zombie (D:7)
  Robin (D:4)
  9 adders
  4 gnolls (D:8)
  A howler monkey skeleton (D:4)
  4 river rats (Sewer)
  2 shadow imps
  3 oozes
  An adder skeleton (D:5)
  2 worms (D:4)
  2 dart slugs
  3 leopard geckos
  31 orcs
  10 giant cockroaches
  15 goblins
  11 hobgoblins
  12 jackals
  6 quokkas
  5 ball pythons
  4 bats
  16 frilled lizards
  30 kobolds
  A leopard gecko skeleton (D:6)
  A quokka skeleton (D:5)
  25 rats
285 creatures vanquished.

Vanquished Creatures (others)
  An adder (D:5)
1 creature vanquished.

Grand Total: 286 creatures vanquished

Notes
Turn   | Place    | Note
-------+----------+-------------------------------------------
     0 | D:1      | Kagalorn the Centaur Air Elementalist began the quest for
                  | the Orb.
     0 | D:1      | Reached XP level 1. HP: 14/14 MP: 3/3
   324 | D:1      | Reached skill level 1 in Conjurations
   467 | D:1      | Reached XP level 2. HP: 20/20 MP: 0/4
   810 | D:1      | Reached XP level 3. HP: 20/27 MP: 6/6
  1660 | D:2      | Reached skill level 1 in Fighting
  1729 | D:2      | Reached XP level 4. HP: 30/35 MP: 5/7
  1750 | D:2      | Noticed Natasha
  1766 | D:2      | Killed Natasha
  1885 | D:2      | Noticed Natasha
  1895 | D:2      | Killed Natasha
  2094 | D:2      | Noticed Natasha
  2106 | D:2      | Killed Natasha
  2106 | D:2      | Reached XP level 5. HP: 37/40 MP: 2/8
  3221 | D:4      | Noticed a phantom
  3221 | D:4      | Noticed a hippogriff
  3291 | D:4      | Noticed an ogre
  3337 | D:3      | Killed an ogre
  3467 | D:4      | Noticed a phantom
  3522 | D:4      | Killed a phantom
  3522 | D:4      | Reached XP level 6. HP: 36/48 MP: 0/10
  4250 | D:4      | Learned a level 3 spell: Static Discharge
  4250 | D:4      | Noticed Robin
  4277 | D:4      | Killed Robin
  4321 | D:4      | Reached XP level 7. HP: 39/56 MP: 0/12
  4664 | D:4      | Reached skill level 5 in Air Magic
  4956 | D:5      | Entered Level 5 of the Dungeon
  5021 | D:5      | Found a shadowy altar of Dithmenos.
  5114 | D:5      | Reached XP level 8. HP: 50/63 MP: 8/14
  5205 | D:5      | Found Tol Lon's Antique Armour Emporium.
  5425 | D:5      | Reached skill level 5 in Conjurations
  5494 | D:5      | Got a transparent ring mail
  5501 | D:5      | Identified the cursed +0 ring mail "Qatt" {rC+ rN+} (You
                  | found it on level 5 of the Dungeon)
  5823 | D:5      | Noticed Ijyb
  6370 | D:6      | Found a glowing drain.
  6374 | Sewer    | Entered a sewer
  7312 | D:6      | Reached XP level 9. HP: 38/71 MP: 10/15
  7572 | D:6      | Learned a level 4 spell: Airstrike
  7967 | D:7      | Reached skill level 5 in Fighting
  8612 | D:7      | Found a staircase to the Ecumenical Temple.
  8618 | Temple   | Entered the Ecumenical Temple
  8769 | Temple   | Became a worshipper of Ashenzari the Shackled
  8933 | D:7      | Found a snail-covered altar of Cheibriados.
  9178 | D:8      | Reached skill level 5 in Spellcasting
  9349 | D:8      | Noticed a three-headed hydra
  9444 | D:7      | Killed a three-headed hydra
  9444 | D:7      | Reached XP level 10. HP: 9/81 MP: 13/19
  9774 | D:8      | Got the flail of Dissolution {crush, rN+}
  9775 | D:8      | Identified the +7 flail of Dissolution {crush, rN+} (You
                  | found it on level 8 of the Dungeon)
  9858 | D:8      | Noticed a two-headed ogre
  9905 | D:8      | Killed a two-headed ogre
 10115 | D:8      | Paralysed by a hornet for 1 turns
 10539 | D:8      | Noticed Erica
 10811 | D:8      | Noticed a purple ugly thing
 10814 | D:8      | Noticed Joseph
 10828 | D:8      | Killed a purple ugly thing
 10840 | D:8      | Killed Joseph
 11174 | D:8      | Killed Erica
 11462 | D:8      | Noticed a death yak
 11464 | D:8      | Noticed a death yak
 11505 | D:8      | Noticed a death yak
 11540 | D:8      | Reached XP level 11. HP: 25/92 MP: 17/23
 11599 | D:8      | Mangled by a yak

Levels and vault maps discovered:
D:1:      dpeg_arrival_morbid_curiosity, layout_basic
D:2:      layout_basic, minmay_misc_feat_doors, uniq_natasha
D:3:      layout_loops_corners, serial_park_tiny_1
D:4:      wad_river_or_something, layout_gridville, uniq_robin
D:5:      layout_basic, first_ration, serial_shops, shop_statue,
          nicolae_dithmenos_the_darkroom, uniq_ijyb
D:6:      cheibrodos_thug_alley, layout_basic, gup_sewer_entry_bowl
D:7:      layout_rooms, old_standard_altar, minmay_temple_entry_overgrown
D:8:      layout_basic, dpeg_lair_monsters, hangedman_ranch
          [blue_anna_fruit_fields], uniq_erica, uniq_joseph
Temple:   kilobyte_greek_temple

Skill      XL: |  1  2  3  4  5  6  7  8  9 10 |
---------------+-------------------------------+-----
Conjurations   | 1 2 3 4 6 |  6.0
Air Magic      | 3 4 5 7 8 |  8.0
Spellcasting   | 2 3 4 6 8 |  8.1
Fighting       | 1 2 3 4 5 7 |  7.2
Dodging        | 2 |  2.0
Stealth        | 2 3 |  3.0

Action                   |  1- 3 |  4- 6 |  7- 9 | 10-12 || total
-------------------------+-------+-------+-------+-------++-------
Melee: Short sword       |   102 |    21 |       |       ||   123
       Unarmed           |     3 |       |       |       ||     3
       Kick              |    12 |    13 |    30 |     1 ||    56
       Trident           |       |    72 |   188 |     5 ||   265
       Flail             |       |       |       |     8 ||     8
Throw: Dart              |       |       |       |     4 ||     4
 Cast: Shock             |    39 |   118 |   340 |   152 ||   649
       Static Discharge  |       |       |     6 |     6 ||    12
       Airstrike         |       |       |     1 |     8 ||     9
Invok: Curse Item        |       |       |     2 |     1 ||     3
  Use: Scroll            |       |       |    10 |     2 ||    12
       Potion            |       |       |     1 |       ||     1
 Stab: Sleeping          |       |     1 |       |       ||     1
  Eat: Chunk             |     3 |     7 |    10 |     2 ||    22
       Ration            |       |       |     1 |     2 ||     3
Armor: Robe              |    52 |    68 |   138 |    15 ||   273
       Leather armour    |       |       |    28 |     6 ||    34
Dodge: Dodged            |    83 |    57 |   189 |    29 ||   358

Table legend:
 A = Non-vault XP
 B = Vault XP
 C = Vault XP percentage of total XP
 D = Non-vault monster count
 E = Vault monster count
 F = Vault count percentage of total count
                 A         B        C        D         E       F
            +---------+---------+-------+---------+---------+-------
      Total |    6518 |    4766 |  42.2 |     189 |      97 |  33.9
            +---------+---------+-------+---------+---------+-------
        D:1 |      51 |       9 |  15.0 |      30 |       5 |  14.3
        D:2 |     120 |      35 |  22.6 |      17 |       1 |   5.6
        D:3 |     140 |       0 |   0.0 |      10 |       0 |   0.0
        D:4 |     755 |     202 |  21.1 |      35 |      17 |  32.7
        D:5 |     773 |       0 |   0.0 |      26 |       0 |   0.0
        D:6 |     445 |     217 |  32.8 |      13 |      14 |  51.9
        D:7 |     918 |     978 |  51.6 |      25 |       1 |   3.8
        D:8 |    3316 |    2976 |  47.3 |      33 |      11 |  25.0
      Sewer |       0 |     349 | 100.0 |       0 |      48 | 100.0
            +---------+---------+-------+---------+---------+-------
